cohdb
Replays
Latest Replays
All Replays
Popular Replays
Top Player Replays
Match Explorer
How It Works
Community
CoH3 Stats
Reddit
Sign in to upload your games and track your stats! →
Sign in with Steam
Match 45900613
Unlisted
Match 45900613
Overview
Messages
Build Orders
End
Engineer Squad
Construct Barracks
Riflemen Squad
Riflemen Squad
Construct Medical Station
Selects Special Operations Battlegroup
Selects M29 Weasel with M1 Pack Howitzer
M29 Weasel with M1 Pack Howitzer
Riflemen Squad
Grenade Package
Infantry Support Center
M1918 Browning Automatic Rifles
Riflemen Squad
Selects Raiding Flares
Selects SSF Commando Squad
SSF Commando Squad
Construct Tank Depot
Selects Air Re-supply Operation
Air Re-Supply Operation
M4A1 Sherman Medium Tank
Raiding Flares
M4A1 Sherman Medium Tank
Herr Blautier
TBoR
EPHX_Valkyrion
Saloblev
АЛЕКСЕЙ МАКЕЕВ
Tony
0
0
Comments
sign in to comment!
No comments posted yet!